 Dungeon Crawl Stone Soup version 0.16.1-12-gf5c4a84 (webtiles) character file.

11169 Huymann the Thaumaturge (level 11, -1/72 HPs)
             Began as a High Elf Wizard on Apr 8, 2015.
             Was a Believer of Ashenzari.
             Splashed by a brown ugly thing's acid (11 damage)
             ... on level 11 of the Dungeon.
             The game lasted 02:09:54 (14894 turns).

Huymann the Thaumaturge (High Elf Wizard)          Turns: 14894, Time: 02:09:54

Health: -1/72      AC:  0    Str:  7    XL:     11   Next: 45%
Magic:  14/30      EV: 18    Int: 22    God:    Ashenzari [**....]
Gold:   574        SH:  0    Dex: 17    Spells: 7 memorised, 12 levels left

rFire  . . .     SeeInvis +     S - +4 dagger (elec)
rCold  . . .     Clarity  .     k - +1 robe (curse)
rNeg   . . .     SustAb   .     (no shield)
rPois  .         Gourm    .     b - +0 hat (curse)
rElec  .         Spirit   .     (no cloak)
rCorr  .         Warding  .     (no gloves)
rMut   .         Stasis   .     E - +0 pair of boots
MR     +....                    (no amulet)
Stlth  ++++......               I - ring of see invisible (curse)
                                t - +2 ring of evasion

@: corroded equipment, somewhat resistant to hostile enchantments, stealthy
A: no striking features
a: Renounce Religion


You were on level 11 of the Dungeon.
You worshipped Ashenzari.
Ashenzari was pleased with you.
You were not hungry.

You visited 2 branches of the dungeon, and saw 12 of its levels.

You collected 574 gold pieces.

Inventory:

Hand weapons
 o - a +0 blowgun
 S - a +4 dagger of electrocution (weapon)
Missiles
 A - 51 poisoned needles
Armour
 b - a cursed +0 hat (worn)
 g - the +0 robe of a ziggurat {rElec rCorr}
   (You found it on level 8 of the Dungeon)

   It insulates you from electricity.
   It protects you from acid and corrosion.
 k - a cursed +1 robe (worn)
 z - a +2 leather armour of positive energy
 E - a +0 pair of boots (worn)
Jewellery
 t - a +2 ring of evasion (left hand)
 I - a cursed ring of see invisible (right hand)
 Z - an uncursed ring of sustain abilities
Magical devices
 a - a wand of enslavement (8)
 h - a wand of digging (12)
 v - a wand of cold (4)
 y - a wand of fire (1)
 H - a wand of paralysis (2)
 L - a wand of lightning (2)
 N - a wand of paralysis (13)
 O - a wand of lightning (0)
 U - a wand of disintegration (0)
 V - a wand of confusion (19)
Scrolls
 e - 3 scrolls of teleportation
 i - a scroll of fear
 l - 2 scrolls of blinking
 p - 2 scrolls of magic mapping
 q - 3 scrolls of recharging
 w - 4 scrolls of amnesia
 Q - a scroll of enchant armour
 T - 3 scrolls of curse armour
Potions
 f - a potion of haste
 m - 8 potions of curing
 n - 2 potions of heal wounds
 r - 2 potions of restore abilities
 s - 2 potions of agility
 u - a potion of degeneration {unknown}
 x - a potion of lignification {unknown}
 F - a potion of poison {unknown}
 J - a potion of flight {unknown}
 M - 2 potions of might
 W - a potion of invisibility {unknown}
 X - a potion of cancellation {unknown}
 Y - 2 potions of resistance
Books
 c - a book of Minor Magic

   Spells                             Type                      Level
   a - Magic Dart                     Conjuration                  1
   b - Blink                          Translocation                2
   c - Call Imp                       Summoning                    2
   d - Repel Missiles                 Charms/Air                   2
   e - Slow                           Hexes                        2
   f - Conjure Flame                  Conjuration/Fire             3
   g - Mephitic Cloud                 Conjuration/Poison/Air       3
 C - the Incunabulum of Excruciating Ice
   (You found it on level 8 of the Dungeon)

   Spells                             Type                      Level
   a - Freeze                         Ice                          1
   b - Static Discharge               Conjuration/Air              3
   c - Force Lance                    Conjuration/Translocation    4
   d - Summon Ice Beast               Ice/Summoning                4
   e - Condensation Shield            Ice                          4
 D - a book of Callings

   Spells                             Type                      Level
   a - Summon Small Mammal            Summoning                    1
   b - Call Imp                       Summoning                    2
   c - Call Canine Familiar           Summoning                    3
   d - Summon Guardian Golem          Hexes/Summoning              4
   e - Summon Lightning Spire         Summoning/Air                4
   f - Summon Ice Beast               Ice/Summoning                4
 K - a book of Clouds

   Spells                             Type                      Level
   a - Mephitic Cloud                 Conjuration/Poison/Air       3
   b - Conjure Flame                  Conjuration/Fire             3
   c - Poisonous Cloud                Conjuration/Poison/Air       6
   d - Freezing Cloud                 Conjuration/Ice/Air          6
   e - Ring of Flames                 Charms/Fire                  7
Comestibles
 d - 8 bread rations
 j - 4 meat rations
 B - a slice of pizza
 P - a royal jelly
 R - 2 fruits


   Skills:
 * Level 5.7 Fighting
 * Level 6.8 Short Blades
 + Level 1.0 Throwing
 * Level 1.3 Armour
 * Level 6.0 Dodging
 * Level 8.4 Stealth
   Level 3.5 Shields
 * Level 8.9 Spellcasting
 * Level 6.2 Conjurations
 * Level 4.3 Summonings
 + Level 1.8 Translocations
 * Level 2.6 Fire Magic
 * Level 2.6 Ice Magic
 * Level 3.4 Air Magic
 + Level 2.0 Poison Magic
 * Level 5.3 Evocations


You had 12 spell levels left.
You knew the following spells:

 Your Spells              Type           Power        Failure   Level  Hunger
a - Magic Dart            Conj           ####         1%          1    None
b - Blink                 Tloc           N/A          6%          2    None
c - Call Imp              Summ           ####....     1%          2    None
d - Conjure Flame         Conj/Fire      ####....     3%          3    None
e - Mephitic Cloud        Conj/Pois/Air  ####....     4%          3    None
f - Call Canine Familiar  Summ           ####....     3%          3    None
g - Freeze                Ice            ###.         2%          1    None


Dungeon Overview and Level Annotations

Branches:
Dungeon (11/15)            Temple (1/1) D:5            Lair (0/8) D:8
    Orc (0/4) D:11

Altars:
Ashenzari
Cheibriados
Dithmenos
Elyvilon
Fedhas
Gozag
Kikubaaqudgha
Makhleb
Nemelex Xobeh
Okawaru
Qazlal
Ru
Sif Muna
Trog
Vehumet
Xom
Yredelemnul
Zin
The Shining One

Shops:
D:8 [


Message History

Aiming: Conjure Flame
Press: ? - help, Dir - move target cursor, p - centaur The fire roars!
The centaur hits you!
* * * LOW HITPOINT WARNING * * *
You hit the brown ugly thing but do no damage.
There is a sudden explosion of sparks!
The brown ugly thing is lightly wounded.
Casting: Conjure Flame
Confirm with . or Enter, or press ? or * to list all spells.
You blink.
The brown ugly thing is engulfed in roaring flames.
Casting: Blink
Confirm with . or Enter, or press ? or * to list all spells.
You swap places.
Your hound barely misses the brown ugly thing.
Your hound bites the centaur.
The brown ugly thing headbutts you.
* * * LOW HITPOINT WARNING * * *
You are splashed with acid!
The acid corrodes your equipment!
The acid burns!
You die...

* .$....#.#** *,
.#....... , *, ,
.......... * , ,
#.....(.. ,, ,* ** ,
,........# {{ , * ,
**#......)########### *
,, , #.(..§....(.(# *
##+#######(##########.#
#....?@u..(##.......#.#
*
#...######h>#.##..#.#.#
*##....................#
* *####..#####.#.§##.###
, #. * #.....#.# , ,
#..#####.....).# ,
#.........##.##### *
#..........#.#....
......(.#.#.#.#.###


You could see a brown ugly thing and a friendly hound.

Vanquished Creatures
  The ghost of KarvaRausku the Thaumaturge, a powerful DrCj of Sif Muna (D:9)
  A hydra (D:8)
  An unseen horror (D:10)
  3 hill giants
  The ghost of jazmu the Arsonist, an experienced OpFE of Vehumet (D:7)
  A troll (D:10)
  A hippogriff (D:10)
  A hungry ghost (D:8)
  5 yaks (D:11)
  Menkaure (D:7)
  6 orc warriors
  A wasp (D:10)
  2 ice beasts
  A necrophage (D:8)
  4 ogres
  2 black bears (D:6)
  4 phantoms
  4 sky beasts
  A crocodile (D:11)
  8 centaurs
  Blork the orc (D:7)
  2 big kobolds
  3 giant frogs
  2 scorpions (D:8)
  7 wights (D:7)
  15 killer bees
  4 electric eels (D:10)
  8 hounds
  3 crimson imps
  A giant frog zombie (D:6)
  A wasp zombie (D:8)
  A quasit (D:8)
  2 centaur zombies
  4 centaur skeletons
  7 orc priests
  A giant frog skeleton (D:9)
  13 orc wizards
  An iguana (D:6)
  10 worker ants
  A killer bee zombie (D:5)
  A hound zombie (D:7)
  A hound skeleton (D:9)
  A mummy (D:8)
  7 adders
  3 gnolls (D:2)
  2 shadow imps
  A giant mite (D:8)
  2 white imps
  An ooze (D:2)
  38 orcs
  3 bat skeletons
  6 giant cockroaches
  13 goblins
  15 hobgoblins
  8 jackals
  18 kobolds
  4 quokkas
  A ball python (D:2)
  22 bats
  6 giant geckos
  2 giant spores
  19 rats
  4 ballistomycetes
314 creatures vanquished.

Vanquished Creatures (collateral kills)
  A black bear (D:6)
  A centaur (D:7)
  A killer bee (D:10)
  An electric eel (D:6)
  2 crimson imps
  A goliath beetle (D:7)
  A hound (D:5)
  The ghost of Chiseanne the Ducker, a weakling FeMo of Vehumet (D:3)
  A giant frog zombie (D:7)
  3 orc wizards
  Jessica (D:3)
  A gnoll (D:2)
  3 adders
  A worm (D:2)
  A giant gecko (D:3)
  An ooze (D:2)
  8 orcs
  2 bats
  2 goblins
  3 hobgoblins
  5 jackals
  A giant cockroach (D:6)
  5 kobolds
  2 rats
49 creatures vanquished.

Vanquished Creatures (others)
  A killer bee (D:11)
  5 crimson imps
  9 hounds
  An iron imp (D:3)
  A shadow imp (D:6)
  4 white imps
  2 orcs (D:10)
  2 giant spores
  A rat (D:10)
26 creatures vanquished.

Grand Total: 389 creatures vanquished

Notes
Turn   | Place    | Note
--------------------------------------------------------------
     0 | D:1      | Huymann, the High Elf Wizard, began the quest for the Orb.
     0 | D:1      | Reached XP level 1. HP: 11/11 MP: 5/5
   319 | D:1      | Reached XP level 2. HP: 17/17 MP: 7/7
   478 | D:1      | Reached skill level 4 in Spellcasting
  1237 | D:1      | Learned a level 2 spell: Blink
  1240 | D:1      | Learned a level 2 spell: Call Imp
  1393 | D:2      | Reached skill level 1 in Fighting
  1393 | D:2      | Reached skill level 1 in Short Blades
  1393 | D:2      | Reached XP level 3. HP: 23/23 MP: 11/11
  1745 | D:2      | Learned a level 3 spell: Conjure Flame
  2440 | D:2      | Reached XP level 4. HP: 28/28 MP: 11/14
  2445 | D:2      | Learned a level 3 spell: Mephitic Cloud
  2657 | D:2      | Reached skill level 1 in Summonings
  3508 | D:3      | Upgraded the game from 0.16.1-11-g651b585 to 0.16.1-12-gf5c4a84
  3584 | D:3      | Noticed Chiseanne's ghost (weakling FeMo)
  3749 | D:4      | Reached XP level 5. HP: 33/33 MP: 16/16
  4363 | D:4      | Reached XP level 6. HP: 39/39 MP: 8/19
  4769 | D:5      | Entered Level 5 of the Dungeon
  4929 | D:5      | Found a staircase to the Ecumenical Temple.
  4958 | Temple   | Entered the Ecumenical Temple
  5028 | Temple   | Became a worshipper of Ashenzari the Shackled
  5073 | D:5      | Reached skill level 5 in Spellcasting
  5116 | D:5      | Reached skill level 1 in Evocations
  5169 | D:5      | Reached XP level 7. HP: 41/45 MP: 5/22
  5876 | D:5      | Learned a level 3 spell: Call Canine Familiar
  5879 | D:5      | Found a deep blue altar of Sif Muna.
  6485 | D:3      | Killed Chiseanne's ghost
  6576 | D:3      | Noticed Jessica
  6597 | D:3      | Reached skill level 6 in Spellcasting
  6605 | D:3      | Killed Jessica
  6605 | D:3      | Reached skill level 1 in Shields
  6686 | D:3      | Reached XP level 8. HP: 20/51 MP: 10/24
  7557 | D:6      | Found a bloodstained altar of Trog.
  8548 | D:7      | Reached skill level 1 in Poison Magic
  8577 | D:7      | Reached skill level 5 in Stealth
  8747 | D:7      | Reached skill level 7 in Spellcasting
  8747 | D:7      | Reached XP level 9. HP: 41/58 MP: 15/26
  8845 | D:7      | Noticed jazmu's ghost (experienced OpFE)
  8854 | D:7      | Reached skill level 5 in Short Blades
  9291 | D:7      | Noticed Blork the orc
  9300 | D:7      | Killed Blork the orc
  9300 | D:7      | Reached skill level 1 in Air Magic
  9342 | D:7      | Killed jazmu's ghost
  9460 | D:7      | Reached skill level 5 in Conjurations
  9676 | D:7      | Noticed Menkaure
  9688 | D:7      | Killed Menkaure
 10167 | D:8      | Reached XP level 10. HP: 63/65 MP: 28/28
 10237 | D:8      | Identified the +0 robe of a ziggurat {rElec rCorr}
 10265 | D:8      | Found Tozoeck's Antique Armour Boutique.
 10457 | D:8      | Reached skill level 5 in Dodging
 10769 | D:8      | Noticed a six-headed hydra
 10778 | D:8      | Killed a six-headed hydra
 10778 | D:8      | Reached skill level 8 in Spellcasting
 10948 | D:8      | Identified the Incunabulum of Excruciating Ice
 10951 | D:8      | Learned a level 1 spell: Freeze
 11185 | D:8      | Found a staircase to the Lair.
 11226 | D:8      | Reached skill level 1 in Fire Magic
 11866 | D:9      | Reached skill level 1 in Ice Magic
 11962 | D:9      | Noticed KarvaRausku's ghost (powerful DrCj)
 11974 | D:9      | Killed KarvaRausku's ghost
 11974 | D:9      | Reached skill level 5 in Fighting
 12183 | D:10     | Entered Level 10 of the Dungeon
 12446 | D:10     | Acquired Ashenzari's first power
 13087 | D:10     | Noticed an unseen horror
 13089 | D:10     | Killed an unseen horror
 13089 | D:10     | Reached XP level 11. HP: 72/72 MP: 30/30
 13126 | D:10     | Noticed a hill giant
 13140 | D:10     | Killed a hill giant
 13140 | D:10     | Reached skill level 5 in Evocations
 13492 | D:10     | Noticed a hill giant
 13518 | D:10     | Killed a hill giant
 13966 | D:10     | Reached skill level 1 in Armour
 14730 | D:11     | Found a staircase to the Orcish Mines.
 14745 | D:11     | Noticed a hill giant
 14759 | D:11     | Killed a hill giant
 14759 | D:11     | Reached skill level 1 in Throwing
 14894 | D:11     | Splashed by a brown ugly thing's acid

Action                   |  1- 3 |  4- 6 |  7- 9 | 10-12 || total
-------------------------+-------+-------+-------+-------++-------
Melee: Dagger            |    72 |   146 |   467 |   313 ||   998
       Club              |     2 |       |       |       ||     2
 Fire: Blowgun           |       |       |    10 |    21 ||    31
 Cast: Magic Dart        |    80 |    55 |    66 |    20 ||   221
       Call Imp          |     3 |    12 |    26 |     8 ||    49
       Conjure Flame     |     1 |    12 |    14 |    16 ||    43
       Mephitic Cloud    |       |    12 |    28 |    38 ||    78
       Blink             |       |     8 |     5 |     5 ||    18
       Call Canine Famil |       |       |    15 |    11 ||    26
Evoke: Wand              |       |       |     6 |     3 ||     9
  Use: Scroll            |       |    10 |     8 |     9 ||    27
       Potion            |       |       |     2 |     1 ||     3
 Stab: Sleeping          |     2 |     1 |     5 |     6 ||    14
       Distracted        |       |     1 |     3 |     1 ||     5
       Confused          |       |     8 |    15 |    19 ||    42
  Eat: Chunk             |     5 |    10 |    18 |    16 ||    49
